Map: Prion Terraces

Players

Miltreta - Winner!

  • Race: Terran Terran
  • League: Bronze

nick

  • Race: Zerg Zerg
  • League: Bronze

VOD

Have the link to the VOD?

Description

Time

  • Played on: March 17, 2016, 9:28 p.m.
  • Length: 6:02
Show
View Real Time Build Order
Export as new Build Order

Miltreta Terran - Winner!

Build Orders:  

Get SALT Encoding   

  12  0:01  SCV  
  13  0:18  Supply Depot  
  13  0:19  SCV  
  14  0:25  Refinery  
  15  0:41  Barracks  
  14  0:50  SCV  
  15  1:02  SCV  
  16  1:14  Supply Depot  
  16  1:32  Factory  
  16  1:36  Marine  
  17  1:49  SCV  
  18  1:54  Marine  
  19  2:06  SCV  
  20  2:17  Factory Reactor  
  20  2:20  Barracks Tech Lab  
  20  2:26  Command Center  
  20  2:30  SCV  
  21  2:41  Marine  
  22  2:48  SCV  
  22  2:49  Refinery  
  23  2:55  Hellion  
  23  2:57  Hellion  
  27  3:16  Supply Depot  
  27  3:18  Orbital Command  
  27  3:29  Hellion  
  29  3:53  Barracks  
  29  3:55  Barracks  
  29  3:58  SCV  
  30  4:03  Orbital Command  
  30  4:36  Hellion x2  
  34  4:48  Barracks Reactor  
  34  4:51  Barracks Tech Lab  
  36  5:00  Hellion x2  
  39  5:07  SCV x2  
  40  5:36  Barracks  
  40  5:39  Marine x2  
  40  5:40  Marine  
  40  5:41  Marine, Barracks  
Show
View Real Time Build Order
Export as new Build Order

nick Zerg 

Build Orders:  

Get SALT Encoding   

  12  0:03  Drone  
Tags
 
Add a new tag
Caveats
  • Supply blocks, unpowered buildings, or Contaminate may cause inaccurate times.
  • Supply counts are checked every 10 seconds.